 Dungeon Crawl Stone Soup version 0.28-a0-1235-g7c8fac35f0 (webtiles) character file.

Game seed: 5268503748356622223

193 freelancePsychic the Conjurer (level 5, -3/29 HPs)
             Began as a Tengu Fire Elementalist on Dec 24, 2021.
             Slain by a wyvern (11 damage)
             ... on level 3 of the Dungeon.
             The game lasted 00:06:41 (3105 turns).

freelancePsychic the Conjurer (TeFE)                Turns: 3105, Time: 00:06:41

Health: -3/29      AC:  3    Str:  8    XL:     5   Next: 72%
Magic:  2/10       EV: 14    Int: 17    God:
Gold:   98         SH:  0    Dex: 15    Spells: 7/10 levels left

rFire   . . .      SeeInvis .   g - +2 dagger (venom)
rCold   + . .      Faith    .   (no shield)
rNeg    . . .      Spirit   .   j - +0 leather armour {rPois}
rPois   +          Reflect  .   (helmet restricted)
rElec   .          Harm     .   (no cloak)
rCorr   .          Rampage  .   (no gloves)
Will    .....                   (boots unavailable)
Stlth   ++........              (no amulet)
HPRegen 0.09/turn               a - ring of protection from cold
MPRegen 0.12/turn               (no ring)

@: flying quickly and evasively, very slightly contaminated, quick
A: beak, talons 3, nimble flight
a: no special abilities


You were on level 3 of the Dungeon.
You visited 1 branch of the dungeon, and saw 4 of its levels.

You collected 98 gold pieces.

Inventory:

Hand Weapons
 g - a +2 dagger of venom (weapon)
Armour
 j - a +0 leather armour of poison resistance (worn)
Jewellery
 a - a ring of protection from cold (left hand)
 c - an amulet of faith
Scrolls
 b - 5 scrolls of identify {unknown}
 e - a scroll of teleportation {unknown}
 k - a scroll of summoning {unknown}
Potions
 d - a potion of lignification {unknown}
 f - a potion of curing {unknown}
 h - 2 potions of brilliance {unknown}
 i - a potion of degeneration {unknown}
 l - a potion of haste {unknown}


   Skills:
 + Level 1.5 Fighting
 + Level 2.1 Dodging
 - Level 2.0 Stealth
 - Level 3.0 Spellcasting
 * Level 4.7 Conjurations
 + Level 4.4 Fire Magic


You had 7 spell levels left.
You knew the following spells:

 Your Spells              Type           Power      Damage    Failure   Level
a - Foxfire               Conj/Fire      72%        2x1d7     4%          1
b - Scorch                Fire           34%        2d7       6%          2

Your spell library contained the following spells:

 Spells                   Type           Power      Damage    Failure   Level
 Shock                    Conj/Air       40%        1d5       10%         1
 Conjure Flame            Conj/Fire      18%        6-21      12%         3
 Inner Flame              Hex/Fire       10%        N/A       30%         3
 Corpse Rot               Necr/Air       4%         N/A       36%         2
 Flame Wave               Conj/Fire      18%        2d5       36%         4
 Orb of Destruction       Conj           9%         9d4       100%        7
 Spellforged Servitor     Conj/Summ      5%         N/A       100%        7


Dungeon Overview and Level Annotations

Branches:
Dungeon (4/15)
 Temple: D:4-7

Altars:
Elyvilon

Annotations:
D:4 Menkaure


Innate Abilities, Weirdness & Mutations

You have a beak for a mouth.
You have claws for feet.
Your magical nature lets you fly swiftly and evasively.


Message History

The foxfire hits the wyvern.
The wyvern is lightly wounded.
Casting: Foxfire (safe; 4% risk of failure)
Confirm with . or Enter, or press ? or * to list all spells.
You conjure some foxfire!
The foxfire hits the wyvern but does no damage.
The wyvern is lightly wounded.
The foxfire hits the wyvern.
The wyvern is lightly wounded.
Menkaure gestures at you while chanting.
Pain shoots through your body!
A kobold comes into view. It is wielding a +0 whip.
The foxfire hits Menkaure but does no damage.
Menkaure is lightly damaged.
Menkaure calls on the powers of darkness!
The ogre convulses!
The wyvern convulses!
Your body is wracked with pain!
The foxfire hits Menkaure.
Menkaure is burned terribly!
Menkaure is moderately damaged.
Menkaure calls on the powers of darkness!
The wyvern convulses!
Your body is wracked with pain!
* * * LOW HITPOINT WARNING * * *
Your magical contamination has completely faded away.
The wyvern closely misses you.
There is a stone staircase leading up here.
The wyvern bites you but does no damage.
The wyvern barely misses you.
You fly upwards.
There is a stone staircase leading down here.
Casting: Foxfire (safe; 4% risk of failure)
Confirm with . or Enter, or press ? or * to list all spells.
Flames lash the wyvern.
The wyvern is almost dead.
The wyvern's fire resistance burns away.
The wyvern bites you but does no damage.
Casting: Scorch (safe; 6% risk of failure)
Confirm with . or Enter, or press ? or * to list all spells.
You miscast Scorch.
You are very lightly contaminated with residual magic.
Nothing appears to happen.
The wyvern bites you!
You die...

##......###.### #..###..#..#
#.###### ##....##.#.##
#......###...#..#.#.# ####
######..#..####.#...# #...
#.......## #....### ##Y##
##.###...## ##......## #..# #..#
###..###..#.....###.### ###.##
###..@..####...(.....# #...#
#...l...# ####.##.#.. #.###
#.#####.# #....##. #.# ##.# #.#
##)...... #.# #..
#.######..#####. #.# ####.#
###..##....#...... ###.###....#
##.......###......#
##...#......###.........##.#.)..#
#..##.)...<..#...................


You could see a wyvern (combustible).

Vanquished Creatures
  A black bear (D:4)
  An iguana (D:4)
  2 worms
  A dart slug (D:3)
  3 orcs
  2 endoplasms
  4 giant cockroaches
  7 goblins
  6 hobgoblins
  7 jackals (D:1)
  7 kobolds
  2 quokkas (D:1)
  3 ball pythons
  A bat (D:3)
  2 frilled lizards
  4 rats
  A spectral hobgoblin (D:1)
54 creatures vanquished.

Vanquished Creatures (collateral kills)
  A foxfire (D:1)
1 creature vanquished.

Vanquished Creatures (others)
  131 foxfires
131 creatures vanquished.

Grand Total: 186 creatures vanquished

Notes
Turn   | Place    | Note
-------+----------+-------------------------------------------
     0 | D:1      | freelancePsychic the Tengu Fire Elementalist began the
                  | quest for the Orb.
     0 | D:1      | Reached XP level 1. HP: 10/10 MP: 4/4
    92 | D:1      | Reached XP level 2. HP: 15/15 MP: 0/6
   578 | D:1      | Reached XP level 3. HP: 19/19 MP: 4/7
  1095 | D:1      | Found a faded altar of an unknown god.
  1323 | D:2      | Got Ereshkigal's Guide on Doomed Attacks
  1352 | D:2      | Learned a level 2 spell: Scorch
  1643 | D:2      | Found a white marble altar of Elyvilon.
  1938 | D:3      | Noticed a sky beast
  2206 | D:3      | Reached XP level 4. HP: 24/24 MP: 6/9
  2896 | D:4      | Noticed a wyvern
  2896 | D:4      | Noticed a black bear
  2896 | D:4      | Noticed an ogre
  2903 | D:4      | Killed a black bear
  2904 | D:4      | Reached skill level 1 in Fighting
  2904 | D:4      | Gained mutation: Your magical nature lets you fly swiftly
                  | and evasively. [Tengu growth]
  2904 | D:4      | Reached XP level 5. HP: 29/29 MP: 2/10
  2905 | D:4      | Noticed Menkaure
  3105 | D:3      | Slain by a wyvern

Illustrated notes

Levels and vault maps discovered:
D:1:      kennysheep_arrival_seaside, layout_rooms,
          dreamdust_ecumenical_altar_drowned_temple
D:2:      layout_basic, basic_altar
D:3:      layout_rooms
D:4:      layout_cave_pools, minitemple, temple_pool_b, uniq_menkaure,
          uniq_eustachio, uniq_sigmund

Skill      XL: |  1  2  3  4 |
---------------+-------------+-----
Conjurations   | 2 3 4 |  4.7
Fire Magic     | 4 |  4.4
Fighting       | 1 |  1.5
Spellcasting   | 3 |  3.0
Dodging        | |  2.1
Stealth        | |  2.0

Action                   |  1- 3 |  4- 6 || total
-------------------------+-------+-------++-------
Melee: Unarmed           |     9 |       ||     9
       Kick              |     3 |     2 ||     5
       Dagger            |     1 |     5 ||     6
       Peck              |     1 |       ||     1
 Cast: Foxfire           |    58 |    17 ||    75
       Scorch            |    11 |    12 ||    23
Armor: Robe              |     6 |       ||     6
       Leather armour    |       |     4 ||     4
Dodge: Dodged            |    15 |     6 ||    21

Table legend: (Time is in decaauts)
 A = Elapsed time spent in this place.
 B = Non-inter-level travel time spent in this place.
 C = Inter-level travel time spent in this place.
 D = Time resting spent in this place.
 E = Time spent auto-exploring this place.
 F = Levels seen in this place.
 G = Mean time per level.
                   A        B        C        D        E       F      G
               +--------+--------+--------+--------+--------+-----+--------+
         Total |   3110 |   2911 |    199 |    459 |   1959 |   4 |  777.5 |
       Dungeon |   3110 |   2911 |    199 |    459 |   1959 |   4 |  777.5 |
               +--------+--------+--------+--------+--------+-----+--------+

Top non-repeatable levels by time:
     D:1: 1236 daAuts
     D:2: 1158 daAuts
     D:3: 626 daAuts
     D:4: 90 daAuts
